 Dungeon Crawl Stone Soup version 0.20.1-1-g8b1a95d (webtiles) character file.

3627 Jazqa the Carver (level 9, -7/74 HPs)
             Began as a Vampire Gladiator on Oct 30, 2017.
             Was a Priest of Ru.
             Mangled by a gnoll sergeant
             ... wielding a +0 trident
              (12 damage)
             ... on level 8 of the Dungeon.
             The game lasted 00:19:16 (11373 turns).

Jazqa the Carver (Vampire Gladiator)               Turns: 11373, Time: 00:19:17

Health: -7/74      AC:  6    Str: 14    XL:     9   Next: 87%
Magic:  9/9        EV: 12    Int: 11    God:    Ru [***...]
Gold:   503        SH:  7    Dex: 17    Spells: 8/8 levels left

rFire    . . .     SeeInvis +   q - +1 falchion (slice)
rCold    + + .     Gourm    .   o - +0 shield
rNeg     + + .     Faith    .   b - +0 leather armour
rPois    +         Spirit   .   c - +0 helmet
rElec    .         Reflect  .   p - +1 cloak
rCorr    .         Harm     .   (no gloves)
MR       .....                  (no boots)
Stlth    ++........             (no amulet)
Regen    0.2/turn               C - ring of protection from cold
MPRegen  0.2/turn               (no ring)

@: regenerating slowly
A: fangs 3, see invisible, unbreathing, inability to use devices, unskilled 1
a: Bat Form, Draw Out Power, Renounce Religion


You were on level 8 of the Dungeon.
You worshipped Ru.
Ru was most pleased with you.
You were very thirsty.

You visited 2 branches of the dungeon, and saw 9 of its levels.
You also visited: Bailey.

You collected 647 gold pieces.
You spent 144 gold pieces at shops.


Innate Abilities, Weirdness & Mutations

You heal slowly.
You have razor-sharp teeth.
You have supernaturally acute eyesight. (SInv)
You can survive without breathing.
You cannot study or use magical devices.
You are somewhat unskilled. (-1 Apt)


   Skills:
 + Level 8.1 Fighting
 + Level 9.1 Long Blades
 - Level 1.3 Throwing
 - Level 5.5 Dodging


You had 8 spell levels left.
You didn't know any spells.

Inventory:

Hand Weapons
 q - a +1 falchion of slicing (weapon)
Missiles
 d - 3 throwing nets {=f}
Armour
 b - a +0 leather armour (worn)
 c - a +0 helmet (worn)
 o - a +0 shield (worn)
 p - a +1 cloak (worn)
Jewellery
 C - a ring of protection from cold (left hand)
Scrolls
 f - 2 scrolls of fog {unknown}
 g - 3 scrolls of fear
 h - a scroll of magic mapping {unknown}
 i - 3 scrolls of identify {@r1}
 j - 2 scrolls of enchant armour {unknown}
 k - 3 scrolls of remove curse {@r2}
 l - 3 scrolls of blinking {unknown}
 r - a scroll of immolation {!r}
 s - 3 scrolls of teleportation {@r4}
Potions
 a - a potion of brilliance {unknown}
 e - 8 potions of blood
 m - a potion of mutation {!q}
 u - 3 potions of flight
 w - a potion of invisibility
 x - a potion of agility
Books
 n - a Young Poisoner's Handbook

   Spells                             Type                      Level
   a - Sting                          Conjuration/Poison           1
   b - Poisonous Vapours              Poison/Air                   2
   c - Mephitic Cloud                 Conjuration/Poison/Air       3
   d - Olgreb's Toxic Radiance        Poison                       4
   e - Venom Bolt                     Conjuration/Poison           5
 t - a book of Maledictions

   Spells                             Type                      Level
   a - Corona                         Hexes                        1
   b - Ensorcelled Hibernation        Hexes/Ice                    2
   c - Confuse                        Hexes                        3
   d - Tukima's Dance                 Hexes                        3
   e - Dazzling Spray                 Conjuration/Hexes            3

Dungeon Overview and Level Annotations

Branches:
Dungeon (8/15)             Temple (1/1) D:5
   Lair: D:8-11

Altars:
Ashenzari
Cheibriados
Dithmenos
Elyvilon
Fedhas
Gozag
Hepliaklqana
Makhleb
Nemelex Xobeh
Okawaru
Qazlal
Ru
Sif Muna
Trog
Uskayaw
Vehumet
Xom
Yredelemnul
Zin
The Shining One

Shops:
D:5 ((?   D:6 %

Annotations:
D:6 Salmacis's ghost, novice OgCK

.▒ .░ ▒▒░ .░ ▒░†░▒░▒ .░
░▒▒.░.░.░▒ .▒ ░▒░..▒.░.▒.▒░
.░ ░ ▒.░.░░░.▒.░!▒ .░ ░.
▒.░.▒.▒.░.░.░ .▒
░.▒░.░▒░.░g▒.▒g▒ .░
░..░.▒.▒@░.░░▒░
.▒▒░▒▒.░.░▒..░▒.▒.░░▒▒
....▒▒▒..▒.░░░.░░▒▒░.░░.░
###...░░░....▒▒▒▒░▒.▒.▒.▒░..#
# ###...▒▒░░.░▒▒.▒░.░.▒.░▒..#
## ###...░░░...░.░.▒.░.░▒..#
.# ##....░░▒▒▒.░.░)▒.░░..#
.## #..##....▒▒▒..░.░.░▒..#
..#####.######...▒░▒░.▒.▒▒..#


You could see a gnoll sergeant.


Message History

Unknown command.
You block the gnoll sergeant's attack. You block the gnoll sergeant's attack.
You closely miss the gnoll sergeant.
The gnoll sergeant hits you with a trident.
* * * LOW HITPOINT WARNING * * *
You slash the gnoll sergeant!
You bite the gnoll sergeant, but do no damage.
The gnoll sergeant is moderately wounded.
You block the gnoll sergeant's attack.
You hit the gnoll sergeant but do no damage.
The gnoll sergeant is moderately wounded.
The gnoll sergeant closely misses you.
You hit the gnoll sergeant.
The gnoll sergeant is heavily wounded.
The gnoll sergeant closely misses you.
You barely miss the gnoll sergeant.
The gnoll sergeant is heavily wounded.
You hit the gnoll sergeant but do no damage.
Your bite misses the gnoll sergeant.
The gnoll sergeant is heavily wounded.
The gnoll sergeant hits you with a trident.
* * * LOW HITPOINT WARNING * * *
You hit the gnoll sergeant but do no damage.
The gnoll sergeant is heavily wounded.
The gnoll sergeant barely misses you.
You barely miss the gnoll sergeant.
The gnoll sergeant is heavily wounded.
The gnoll sergeant hits you with a trident!
You die...

Skill      XL: |  1  2  3  4  5  6  7  8  9 |
---------------+----------------------------+-----
Fighting       | 2 3 4 5 7 8 |  8.1
Dodging        | 4 5 6 5 |  5.5
Long Blades    | 4 5 6 8 9 |  9.1
Throwing       | |  1.3

Action                   |  1- 3 |  4- 6 |  7- 9 || total
-------------------------+-------+-------+-------++-------
Melee: Long sword        |    80 |    54 |       ||   134
       Bite              |    12 |    10 |    96 ||   118
       Falchion          |       |    88 |   554 ||   642
       Unarmed           |       |       |    43 ||    43
Invok: Sacrifice Artific |       |       |     1 ||     1
       Sacrifice Skill   |       |       |     1 ||     1
 Abil: End Transformatio |       |       |     4 ||     4
       Bat Form          |       |       |     4 ||     4
  Use: Potion            |       |     5 |    18 ||    23
       Scroll            |       |     1 |     7 ||     8
 Stab: Sleeping          |     1 |     3 |     7 ||    11
       Distracted        |       |       |     6 ||     6
       Invisible         |       |       |     3 ||     3
Armor: Leather armour    |    22 |    36 |   137 ||   195
Dodge: Dodged            |    61 |    86 |   377 ||   524
Block: Shield            |     1 |    57 |   209 ||   267
       Rpst.: Long sword |    21 |    15 |       ||    36
       Falchion          |       |    11 |    89 ||   100

Vault maps used:
D:1:      minmay_arrival_hallway
D:2:      first_bread, grunt_ministairs_6, uniq_crazy_yiuf_cottage
D:4:      cheibrodos_greedy_goblins, uniq_edmund
D:5:      minmay_temple_entry_crystal_x, serial_shops,
          nicolae_shop_behind_doors, nicolae_shop_crystal, shop
D:6:      makhleb_altar_promises_db, grunt_gozag_breadcrumbs,
          old_standard_altar, serial_shops, shop
D:7:      fedhas_altar_3, enter_bailey_3, the_bakery, dk_xom_monty_hall
D:8:      minmay_the_grid_triangle_9x9_rhombus_full, nicolae_ossuary_entry_giza
Temple:   nicolae_temple_x_marks_the_god
Bailey:   bailey_axe_4, bailey

Notes
Turn   | Place    | Note
-------+----------+-------------------------------------------
     0 | D:1      | Jazqa the Vampire Gladiator began the quest for the Orb.
     0 | D:1      | Reached XP level 1. HP: 16/16 MP: 1/1
   126 | D:1      | Reached skill level 2 in Fighting
   134 | D:1      | Reached XP level 2. HP: 18/22 MP: 2/2
   842 | D:2      | Reached XP level 3. HP: 15/28 MP: 3/3
  1171 | D:2      | Found a runed door.
  1447 | D:2      | Reached skill level 3 in Fighting
  1475 | D:2      | Noticed Crazy Yiuf
  1481 | D:2      | Killed Crazy Yiuf
  1481 | D:2      | Reached XP level 4. HP: 32/35 MP: 4/4
  1483 | D:2      | Reached skill level 4 in Dodging
  1704 | D:3      | Reached XP level 5. HP: 35/41 MP: 5/5
  1714 | D:3      | Reached skill level 4 in Long Blades
  2062 | D:3      | Noticed Linguinho's ghost (amateur DsAs)
  2075 | D:3      | Killed Linguinho's ghost
  2075 | D:3      | Reached skill level 5 in Dodging
  2075 | D:3      | Reached XP level 6. HP: 17/48 MP: 6/6
  2552 | D:4      | Reached skill level 4 in Fighting
  2615 | D:5      | Entered Level 5 of the Dungeon
  2615 | D:5      | Found Vulle Jomn's Weapon Shoppe.
  2783 | D:5      | Found a staircase to the Ecumenical Temple.
  2786 | D:5      | HP: 3/48 [centaur/arrow (8)]
  2799 | D:5      | HP: 1/48 [centaur (4)]
  3097 | Temple   | Entered the Ecumenical Temple
  3178 | Temple   | Became a worshipper of Ru the Awakened
  3209 | D:5      | Reached skill level 5 in Long Blades
  3316 | D:5      | Reached XP level 7. HP: 36/55 MP: 7/7
  3347 | D:5      | Found Jecu's Magic Scroll Emporium.
  3350 | D:5      | Bought a scroll of identify for 24 gold pieces
  3350 | D:5      | Bought a scroll of immolation for 42 gold pieces
  3350 | D:5      | Bought a scroll of teleportation for 36 gold pieces
  3350 | D:5      | Bought a scroll of fear for 42 gold pieces
  3917 | D:5      | Found Wicuem's Weapon Shop.
  4083 | D:5      | Reached skill level 6 in Dodging
  4528 | D:4      | Reached skill level 5 in Fighting
  4719 | D:4      | Noticed Edmund
  4755 | D:4      | Killed Edmund
  4755 | D:4      | Reached skill level 6 in Long Blades
  5996 | D:5      | Reached XP level 8. HP: 50/63 MP: 8/8
  6017 | D:5      | Reached skill level 6 in Fighting
  6465 | D:5      | Gained mutation: You cannot study or use magical devices. [Ru sacrifice]
  6465 | D:5      | Reached * piety under Ru
  6465 | D:5      | Reached ** piety under Ru
  6495 | D:6      | Found an opulent altar of Gozag.
  6517 | D:6      | Noticed Salmacis's ghost (novice OgCK)
  6604 | D:6      | Reached skill level 7 in Long Blades
  6613 | D:5      | HP: 4/65 [bullfrog (8)]
  6944 | D:6      | Found a burning altar of Makhleb.
  6944 | D:6      | Noticed a blizzard demon
  6988 | D:6      | Reached skill level 7 in Fighting
  7101 | D:6      | Reached skill level 8 in Long Blades
  7248 | D:6      | Found Plog's Food Boutique.
  7377 | D:6      | Found a shattered altar of Ashenzari.
  7838 | D:7      | Reached XP level 9. HP: 72/72 MP: 9/9
  8027 | D:7      | Found a flagged portal.
  8092 | Bailey   | Entered a bailey
  8107 | Bailey   | Noticed an orc knight
  9362 | D:7      | Found a shimmering altar of Xom.
  9723 | D:7      | Reached skill level 8 in Fighting
  9723 | D:7      | Reached skill level 9 in Long Blades
  9787 | D:7      | Found a blossoming altar of Fedhas.
 10307 | D:7      | HP: 5/74 [orc warrior/trident (13)]
 10393 | D:7      | HP: 7/74 [hound (4)]
 10395 | D:7      | HP: 1/74 [hound (6)]
 10835 | D:8      | Gained mutation: You are somewhat unskilled. (-1 Apt) [Ru sacrifice]
 10835 | D:8      | Reduced skill Fighting to level 7
 10835 | D:8      | Reduced skill Long Blades to level 8
 10835 | D:8      | Reduced skill Dodging to level 5
 10835 | D:8      | Reached *** piety under Ru
 11305 | D:8      | Reached skill level 8 in Fighting
 11305 | D:8      | Reached skill level 9 in Long Blades
 11371 | D:8      | HP: 5/74 [gnoll sergeant/trident (5)]
 11373 | D:8      | Mangled by a gnoll sergeant

Vanquished Creatures
  A spriggan (D:7)
  The ghost of Linguinho the Sneak, an amateur DsAs (D:3)
  Edmund (D:4)
  2 ice beasts
  2 orc warriors
  3 phantoms
  4 sky beasts
  4 centaurs
  3 bullfrogs
  A water moccasin zombie (D:6)
  A water moccasin skeleton (D:6)
  2 scorpions
  7 wights
  2 howler monkeys
  2 crimson imps
  3 jellies
  2 orc priests
  3 hounds
  6 orc wizards
  2 quasits
  2 bullfrog skeletons (D:5)
  Crazy Yiuf (D:2)
  3 iguanas
  3 worker ants
  A hound zombie (D:7)
  A mummy (D:8)
  3 gnolls
  14 adders
  2 shadow imps
  2 oozes
  An adder zombie (D:5)
  2 adder skeletons
  3 worms
  A dart slug (D:4)
  6 leopard geckos
  22 orcs
  5 giant cockroaches
  20 goblins
  13 hobgoblins
  8 jackals (D:4)
  2 quokkas
  7 bats
  7 frilled lizards
  A jackal zombie (D:5)
  7 kobolds
  A leopard gecko zombie (D:8)
  An orc zombie (D:8)
  8 rats
199 creatures vanquished.

Vanquished Creatures (others)
  A black bear (D:8)
  An ogre (D:6)
  An iguana (D:7)
  A fungus (D:7)
4 creatures vanquished.

Grand Total: 203 creatures vanquished
